 Dungeon Crawl Stone Soup version 0.26-a0-27-g1f0226971c (webtiles) character file.

Game seed: 13725472691495282096, levelgen mode: deterministic

190 Lugonue the Stinger (level 5, -8/35 HPs)
             Began as a Demonspawn Venom Mage on May 27, 2020.
             Mangled by an ogre
             ... wielding a +0 giant club
              (17 damage)
             ... on level 5 of the Dungeon.
             The game lasted 00:09:27 (4615 turns).

Lugonue the Stinger (Demonspawn Venom Mage)         Turns: 4615, Time: 00:09:27

Health: -8/35      AC:  6    Str: 10    XL:     5   Next: 41%
Magic:  8/9        EV: 11    Int: 16    God:
Gold:   62         SH:  0    Dex: 13    Spells: 6/9 levels left

rFire    + . .     SeeInvis .     - Unarmed
rCold    . . .     Gourm    .   (no shield)
rNeg     . . .     Faith    .   b - +0 ring mail
rPois    .         Spirit   .   (helmet restricted)
rElec    .         Reflect  .   a - +0 cloak
rCorr    .         Harm     .   (no gloves)
MR       .....                  (no boots)
Stlth    +.........             (no amulet)
HPRegen  0.11/turn              (no ring)
MPRegen  0.11/turn              (no ring)

@: very slightly contaminated
A: claws 1, horns 1, fire resistance 1, flame cloud immunity
a: no special abilities


You were on level 5 of the Dungeon.
You were not hungry.

You visited 2 branches of the dungeon, and saw 6 of its levels.

You collected 62 gold pieces.

Inventory:

Missiles
 d - 8 poisoned darts (quivered)
Armour
 a - a +0 cloak (worn)
 b - a +0 ring mail (worn)
Scrolls
 e - a scroll of identify
 f - 2 scrolls of remove curse
 g - 3 scrolls of enchant armour
 h - a scroll of fog
 k - a scroll of enchant weapon
Potions
 j - a potion of curing
Comestibles
 c - 5 rations
 i - a chunk of flesh


   Skills:
 + Level 0.1 Fighting
 + Level 0.3 Throwing
 * Level 2.2 Armour
 + Level 2.2 Dodging
 + Level 1.9 Stealth
 * Level 1.6 Unarmed Combat
 + Level 2.9 Spellcasting
 + Level 1.3 Transmutations
 + Level 3.6 Poison Magic


You had 6 spell levels left.
You knew the following spells:

 Your Spells              Type           Power        Failure   Level  Hunger
a - Sting                 Tmut/Pois      ##..         17%         1    #......
b - Poisonous Vapours     Pois/Air       #.....       34%         2    ##.....

Your spell library contained the following spells:

 Spells                   Type           Power        Failure   Level  Hunger
 Ignite Poison            Fire/Tmut/Pois #.......     58%         3    ###....
 Mephitic Cloud           Conj/Pois/Air  #.......     65%         3    ###....
 Olgreb's Toxic Radiance  Pois           ##......     71%         4    #####..


Dungeon Overview and Level Annotations

Branches:
Dungeon (5/15)             Temple (1/1) D:4

Altars:
Ashenzari
Cheibriados
Elyvilon
Gozag
Kikubaaqudgha
Qazlal
Uskayaw
Vehumet
Wu Jian
Zin
The Shining One
Lugonu

Annotations:
D:2 1 runed translucent door, Crazy Yiuf


Innate Abilities, Weirdness & Mutations

You have sharp fingernails.
You have a pair of small horns on your head.
Your flesh is heat resistant. (rF+)
You are immune to clouds of flame.


Message History

You feel sick.
Something unseen opens the door.
Found an escape hatch in the floor.
You feel sick.
There is an escape hatch in the floor here.
You feel sick.
The ogre shouts!
Okay, then.
Unknown command.
The ogre hits you with a +0 giant club!
* * * LOW HITPOINT WARNING * * *
There is an escape hatch in the floor, spattered with blood here.
You feel sick.
You are no longer poisoned.
You slide downwards.
The hatch slams shut behind you.
Found a leather armour.
Okay, then.
Okay, then.
Unknown command.
The ogre hits you with a +0 giant club!
You die...

#.# #.# #.#
#.#### #....#
####.# # #.#
....######.######
#....@O.........
################


You could see an ogre.

Vanquished Creatures
  Terence (D:3)
  A gnoll (D:1)
  5 adders
  An ooze (D:3)
  A worm (D:2)
  6 dart slugs
  4 leopard geckos
  2 orcs (D:3)
  3 ball pythons
  8 bats
  2 giant cockroaches (D:1)
  10 goblins
  14 hobgoblins
  9 kobolds
  2 quokkas
  5 frilled lizards
  11 rats
85 creatures vanquished.

Notes
Turn   | Place    | Note
-------+----------+-------------------------------------------
     0 | D:1      | Lugonue the Demonspawn Venom Mage began the quest for the
                  | Orb.
     0 | D:1      | Reached XP level 1. HP: 13/13 MP: 3/3
   251 | D:1      | Reached skill level 1 in Transmutations
   314 | D:1      | Gained mutation: Your flesh is heat resistant. (rF+)
                  | [demonic ancestry]
   314 | D:1      | Reached XP level 2. HP: 19/19 MP: 3/5
  1233 | D:1      | Gained mutation: You have a pair of small horns on your
                  | head. [demonic ancestry]
  1233 | D:1      | Reached XP level 3. HP: 24/24 MP: 6/6
  2070 | D:2      | Found a radiant altar of Vehumet.
  2257 | D:2      | Gained mutation: You have sharp fingernails. [demonic
                  | ancestry]
  2257 | D:2      | Reached XP level 4. HP: 30/30 MP: 3/8
  2360 | D:2      | Found a runed translucent door.
  2361 | D:2      | Noticed Crazy Yiuf
  2457 | D:2      | Reached skill level 1 in Armour
  2465 | D:2      | Reached skill level 1 in Unarmed Combat
  2718 | D:2      | Found a glowing silver altar of Zin.
  2785 | D:2      | Found an ornate altar of the Wu Jian Council.
  2932 | D:2      | Found a shattered altar of Ashenzari.
  3508 | D:3      | Noticed Terence
  3551 | D:3      | Killed Terence
  3551 | D:3      | Gained mutation: You are immune to clouds of flame.
                  | [demonic ancestry]
  3551 | D:3      | Reached XP level 5. HP: 21/35 MP: 1/9
  3839 | D:3      | Learned a level 2 spell: Poisonous Vapours
  4475 | D:4      | Noticed an ogre
  4515 | D:4      | Found a staircase to the Ecumenical Temple.
  4521 | Temple   | Entered the Ecumenical Temple
  4585 | D:4      | Noticed an ogre
  4607 | D:5      | Entered Level 5 of the Dungeon
  4615 | D:5      | Mangled by an ogre

Illustrated notes

Levels and vault maps discovered:
D:1:      wander_arrival_chamber, layout_basic
D:2:      layout_loops_cross, lemuel_crystal_altar,
          lemuel_coloured_pillars_altar, vehumet_crystals, lemuel_doored_altar,
          hangedman_decor_slide_cut, uniq_crazy_yiuf_cottage
D:3:      layout_rooms, minmay_quadrilaterals, uniq_terence
D:4:      layout_rooms, minmay_temple_entry_hall
D:5:      minmay_chambers_of_threes, layout_loops_ring,
          nicolae_overflow_hidden_temple, first_ration, minivault_25
Temple:   corrupted_temple

Skill      XL: |  1  2  3  4  5 |
---------------+----------------+-----
Transmutations | 1 |  1.3
Dodging        | 2 |  2.2
Armour         | 1 2 |  2.2
Unarmed Combat | 1 |  1.6
Fighting       | |  0.1
Throwing       | |  0.3
Stealth        | |  1.9
Spellcasting   | |  2.9
Poison Magic   | |  3.6

Action                   |  1- 3 |  4- 6 || total
-------------------------+-------+-------++-------
Melee: Unarmed           |   114 |   163 ||   277
       Headbutt          |    13 |     8 ||    21
       Punch             |     1 |     3 ||     4
Throw: Dart              |    14 |     5 ||    19
 Cast: Sting             |    42 |    24 ||    66
  Use: Scroll            |     3 |     4 ||     7
       Potion            |       |     2 ||     2
 Stab: Sleeping          |       |     1 ||     1
  Eat: Chunk             |     5 |     4 ||     9
       Ration            |       |     1 ||     1
Armor: Robe              |    11 |       ||    11
       Ring mail         |    25 |    48 ||    73
       Skin              |       |     5 ||     5
Dodge: Dodged            |    73 |   113 ||   186

Table legend:
 A = Non-vault XP
 B = Vault XP
 C = Vault XP percentage of total XP
 D = Non-vault monster count
 E = Vault monster count
 F = Vault count percentage of total count
                 A         B        C        D         E       F
            +---------+---------+-------+---------+---------+-------
      Total |     227 |      45 |  16.5 |      78 |       7 |   8.2
            +---------+---------+-------+---------+---------+-------
        D:1 |      58 |       0 |   0.0 |      24 |       0 |   0.0
        D:2 |      85 |       0 |   0.0 |      22 |       0 |   0.0
        D:3 |      69 |      45 |  39.5 |      30 |       7 |  18.9
        D:4 |      15 |       0 |   0.0 |       2 |       0 |   0.0
            +---------+---------+-------+---------+---------+-------
